 Dungeon Crawl Stone Soup version 0.27.0-65-ge2af304b15 (webtiles) character file.

Game seed: 2774543041964622252

154 Malachi the Chopper (level 5, -3/44 HPs)
             Began as a Palentonga Monk on Aug 19, 2021.
             Was a Priest of Jiyva.
             Killed by nerve-wracking pain
             ... invoked by Grinder
              (13 damage)
             ... while paralysed by Grinder
             ... on level 4 of the Dungeon.
             The game lasted 00:02:13 (3083 turns).

Malachi the Chopper (Palentonga Monk)               Turns: 3083, Time: 00:02:14

Health: -3/44      AC:  8    Str: 17    XL:     5   Next: 13%
Magic:  5/5        EV:  1    Int:  8    God:    Jiyva [***...]
Gold:   64         SH:  0    Dex: 13    Spells: 4/4 levels left

rFire    . . .     SeeInvis +   a - +1 hand axe
rCold    . . .     Faith    .   (no shield)
rNeg     . . .     Spirit   .   h - +0 scale mail
rPois    .         Reflect  .   f - +1 helmet
rElec    .         Harm     .   (no cloak)
rCorr    +         Rampage  .   (no gloves)
Will     .....                  (no barding)
Stlth    ..........             (no amulet)
HPRegen  0.14/turn              (no ring)
MPRegen  0.09/turn              (no ring)

@: paralysed, very slightly contaminated, invisible
A: large, rugged brown scales 3, see invisible, deformed body, roll 1, armoured
tail
a: Rolling Charge, Renounce Religion, Request Jelly


You were on level 4 of the Dungeon.
You worshipped Jiyva.
Jiyva was most pleased with you.
You visited 1 branch of the dungeon, and saw 4 of its levels.

You collected 64 gold pieces.

Inventory:

Hand Weapons
 a - a +1 hand axe (weapon)
Armour
 b - a +0 robe
 f - a +1 helmet (worn)
 h - a +0 scale mail (worn)
Scrolls
 c - 3 scrolls of identify
 g - a scroll of enchant weapon


   Skills:
 + Level 3.7 Fighting
 + Level 4.4 Axes
 + Level 1.2 Armour
 + Level 2.9 Dodging
 + Level 1.4 Stealth


You had 4 spell levels left.
You didn't know any spells.
Your spell library was empty.

Dungeon Overview and Level Annotations

Branches:
Dungeon (4/15)
 Temple: D:4-7

Altars:
Jiyva

Annotations:
D:4 Grinder


Innate Abilities, Weirdness & Mutations

You are completely covered in rugged brown scales. (AC +3, +7% HP)
You have supernaturally acute eyesight. (SInv)
Armour fits poorly on your strangely shaped body.
You can roll at nearby foes to attack.
You have a long armoured tail.


Message History

You hit Grinder.
Grinder is lightly wounded.
Grinder hits you but does no damage.
You hit Grinder.
Your tail-slap misses Grinder.
Grinder is moderately wounded.
Grinder hits you.
You slash Grinder!
Grinder is heavily wounded.
Grinder barely misses you.
You hit Grinder.
You tail-slap Grinder, but do no damage.
Grinder is heavily wounded.
Grinder hits you!
You writhe in agony.
You closely miss Grinder. You tail-slap Grinder.
Grinder is heavily wounded.
Grinder hits you but does no damage.
Grinder says, "Tell me all your secrets, or I'll kill you."
Grinder hits you but does no damage.
You hit Grinder.
Your tail-slap misses Grinder.
Grinder is severely wounded.
Grinder blinks!
You barely miss Grinder.
Grinder is heavily wounded.
Something closely misses Grinder.
Grinder hits you but does no damage.
You barely miss Grinder.
You tail-slap Grinder, but do no damage.
Grinder is heavily wounded.
Something barely misses Grinder.
Grinder hits you.
* * * LOW HITPOINT WARNING * * *
You writhe in agony.
* * * LOW HITPOINT WARNING * * *
Something misses Grinder.
Grinder gestures at you.
You suddenly lose the ability to move!
Grinder gestures at you.
You barely resist. Grinder hits you but does no damage.
Grinder gestures at you. Pain shoots through your body!
You die...

#.##########
#.# #.# ##.#
#..###
#...J#
#..#.#
#.J#5#
#..#@#
#..........#
##.#.#####.#
#.#.# #.#.#
#.# #.# #.#


You could see Grinder and a neutral jelly (wandering) (fellow slime).

Vanquished Creatures
  A centaur (D:4)
  Terence (D:2)
  An adder (D:3)
  A worm (D:2)
  A dart slug (D:2)
  2 endoplasms (D:1)
  A giant cockroach (D:2)
  4 hobgoblins
  2 quokkas
  7 ball pythons
  5 bats
  2 frilled lizards
  2 goblins
  6 kobolds
  8 rats
44 creatures vanquished.

Vanquished Creatures (others)
  2 phantoms (D:3)
  A scorpion (D:4)
  2 jellies (D:3)
  3 adders
  A worm (D:2)
  2 dart slugs
  3 endoplasms
  A giant cockroach (D:2)
  2 goblins
  5 hobgoblins
  2 kobolds
  4 bats
  2 rats
30 creatures vanquished.

Grand Total: 74 creatures vanquished

Notes
Turn   | Place    | Note
-------+----------+-------------------------------------------
     0 | D:1      | Malachi the Palentonga Monk began the quest for the Orb.
     0 | D:1      | Reached XP level 1. HP: 19/19 MP: 1/1
   165 | D:1      | Found a faded altar of an unknown god.
   171 | D:1      | Reached XP level 2. HP: 17/25 MP: 2/2
   190 | D:1      | Became a worshipper of Jiyva Jelol the Shapeless
   190 | D:1      | Reached * piety under Jiyva
   190 | D:1      | Reached ** piety under Jiyva
   815 | D:2      | Noticed Terence
   824 | D:2      | Killed Terence
   825 | D:2      | Reached XP level 3. HP: 11/31 MP: 3/3
   899 | D:2      | Reached *** piety under Jiyva
  2223 | D:3      | Reached skill level 4 in Axes
  2277 | D:3      | Reached XP level 4. HP: 37/37 MP: 4/4
  2351 | D:3      | Killed a phantom
  2712 | D:3      | Killed a phantom
  2876 | D:4      | Noticed a centaur
  2894 | D:4      | Killed a centaur
  2895 | D:4      | Reached skill level 1 in Armour
  2895 | D:4      | Reached XP level 5. HP: 22/44 MP: 5/5
  3065 | D:4      | Noticed Grinder
  3079 | D:4      | Paralysed by Grinder for 6 turns
  3083 | D:4      | Killed from afar by Grinder

Illustrated notes

Levels and vault maps discovered:
D:1:      dpeg_arrival_connections, layout_basic,
          shapermc_ecumenical_altar_starsandcircs, amethyst_killhole
D:2:      minmay_diamond_boxcup, layout_loops_corners,
          minmay_fractal_squares_gapless_5, uniq_terence
D:3:      layout_basic
D:4:      kb_forest_paths, layout_basic, grunt_dithmenos_smoke,
          nicolae_ossuary_entry_ruins, kennysheep_cross_bottleneck,
          uniq_grinder, uniq_blork_the_orc, uniq_pikel, uniq_edmund

Skill      XL: |  1  2  3  4 |
---------------+-------------+-----
Axes           | 4 |  4.4
Armour         | 1 |  1.2
Fighting       | |  3.7
Dodging        | |  2.9
Stealth        | |  1.4

Action                   |  1- 3 |  4- 6 || total
-------------------------+-------+-------++-------
Melee: Hand axe          |    88 |    28 ||   116
       Tailslap          |    14 |     4 ||    18
  Use: Scroll            |     4 |       ||     4
       Potion            |       |     2 ||     2
 Stab: Sleeping          |     2 |       ||     2
       Distracted        |     1 |       ||     1
Armor: Robe              |    10 |       ||    10
       Scale mail        |     7 |    29 ||    36
Dodge: Dodged            |    47 |    17 ||    64
